 Dungeon Crawl Stone Soup version 0.22.0-6-g71bd7aa6b3 (webtiles) character file.

77 Kirk the Skirmisher (level 4, 35/35 HPs)
             Began as a Demonspawn Fighter on Aug 15, 2018.
             Quit the game on level 2 of the Dungeon.
             The game lasted 00:01:58 (1049 turns).

Kirk the Skirmisher (Demonspawn Fighter)            Turns: 1049, Time: 00:01:59

Health: 35/35      AC: 11    Str: 17    XL:     4   Next: 13%
Magic:  4/4        EV:  9    Int:  9    God:
Gold:   106        SH:  0    Dex: 13    Spells: 3/3 levels left

rFire    . . .     SeeInvis .   a - +0 war axe
rCold    . . .     Gourm    .   (no shield)
rNeg     . . .     Faith    .   b - +0 scale mail
rPois    .         Spirit   .   (no helmet)
rElec    .         Reflect  .   n - +2 cloak
rCorr    .         Harm     .   (no gloves)
MR       .....                  (no boots)
Stlth    ..........             (no amulet)
HPRegen  0.11/turn              (no ring)
MPRegen  0.09/turn              (no ring)

@: no status effects
A: slimy green scales 1, demonic guardian 1, powered by death 1
a: no special abilities


You were on level 2 of the Dungeon.
You were hungry.

You visited 1 branch of the dungeon, and saw 2 of its levels.

You collected 106 gold pieces.

Inventory:

Hand Weapons
 a - a +0 war axe (weapon)
Missiles
 i - 4 curare-tipped needles
Armour
 b - a +0 scale mail (worn)
 c - a +0 shield
 n - a +2 cloak (worn)
Scrolls
 e - 2 scrolls of identify {unknown}
 g - a scroll of enchant armour {unknown}
 h - a scroll of fear {unknown}
 k - 2 scrolls of teleportation {unknown}
 l - 2 scrolls of magic mapping {unknown}
 m - a scroll of noise {unknown}
 p - 4 scrolls of amnesia {unknown}
 q - a scroll of remove curse {unknown}
Potions
 d - a potion of might
 j - a potion of experience {unknown}
 r - a potion of curing {unknown}
Comestibles
 f - a ration


   Skills:
 + Level 3.5 Fighting
 * Level 3.3 Axes
 + Level 3.0 Armour
 - Level 2.6 Shields


You had 3 spell levels left.
You didn't know any spells.
Your spell library was empty.

Dungeon Overview and Level Annotations

Branches:
Dungeon (2/15)

Altars:
Makhleb
Sif Muna


Innate Abilities, Weirdness & Mutations

You are partially covered in slimy green scales. (AC +2)
A weak demonic guardian rushes to your aid.
You regenerate a little health from kills.


Message History

You closely miss the adder.
The adder is moderately wounded.
You are feeling hungry.
The adder barely misses you. The adder bites you but does no damage.
You miss the adder.
The adder is moderately wounded.
The adder bites you but does no damage. The adder bites you.
You are poisoned.
The adder poisons you!
You slash the adder!
You kill the adder!
You have reached level 4!
You feel agile.
Your demonic ancestry asserts itself...
You feel the presence of a demonic guardian.
You feel sick.
You start resting.
You feel sick. x7
You are no longer poisoned.
You start resting.
HP restored.
Are you sure you want to abandon this character and quit the game? (Confirm with "yes".)

####.####...#.# #.....
....................
.####.#....#.###..... #
#.#....#.# #.. # #
#.#....#.######..
#.#.##................
#.......#+#.#.###.....
#.#.#.##.##.#.#.###.####
#......@......†.....#
#........##..##.##..####
........................
..?..................###
#........##..........#
#.[#..##.##..##.##...#
#..#.$ #.##..........#
.. #.. .### ##.###..#


There were no monsters in sight!

Vanquished Creatures
  3 adders (D:2)
  An ooze (D:2)
  A dart slug (D:2)
  A worm (D:2)
  2 ball pythons
  7 bats
  A giant cockroach (D:1)
  6 goblins
  7 hobgoblins
  A kobold (D:1)
  7 frilled lizards
  4 rats
41 creatures vanquished.

Notes
Turn   | Place    | Note
-------+----------+-------------------------------------------
     0 | D:1      | Kirk the Demonspawn Fighter began the quest for the Orb.
     0 | D:1      | Reached XP level 1. HP: 18/18 MP: 1/1
   137 | D:1      | Gained mutation: You are partially covered in slimy green scales. (AC +2) [demonic ancestry]
   137 | D:1      | Reached XP level 2. HP: 23/24 MP: 2/2
   588 | D:2      | Found a deep blue altar of Sif Muna.
   633 | D:2      | Found a burning altar of Makhleb.
   658 | D:2      | Gained mutation: You regenerate a little health from kills. [demonic ancestry]
   658 | D:2      | Reached XP level 3. HP: 28/29 MP: 3/3
   986 | D:2      | Gained mutation: A weak demonic guardian rushes to your aid. [demonic ancestry]
   986 | D:2      | Reached XP level 4. HP: 32/35 MP: 4/4
  1049 | D:2      | Quit the game

Skill      XL: |  1  2  3 |
---------------+----------+-----
Axes           | 2 3 |  3.3
Armour         | 3 |  3.0
Fighting       | |  3.5
Shields        | |  2.6

Action                   |  1- 3 |  4- 6 || total
-------------------------+-------+-------++-------
Melee: War axe           |   109 |       ||   109
Armor: Scale mail        |    78 |       ||    78
Dodge: Dodged            |    74 |       ||    74
